 Dungeon Crawl Stone Soup version 0.26-a0-712-ga5a9c9c9d0 (webtiles) character file.

Game seed: 5047935930092087855

25 Apogee the Stinger (level 3, -1/19 HPs)
             Began as a Tengu Venom Mage on Nov 2, 2020.
             Slain by a gnoll
             ... wielding a +0 spear
              (6 damage)
             ... on level 2 of the Dungeon.
             The game lasted 00:02:25 (917 turns).

Apogee the Stinger (Tengu Venom Mage)                Turns: 917, Time: 00:02:26

Health: -1/19      AC:  2    Str:  8    XL:     3   Next: 6%
Magic:  3/7        EV: 12    Int: 15    God:
Gold:   23         SH:  0    Dex: 15    Spells: 3/6 levels left

rFire    . . .     SeeInvis .   (no weapon)
rCold    . . .     Faith    .   (no shield)
rNeg     . . .     Spirit   .   a - +0 robe
rPois    .         Reflect  .   (helmet restricted)
rElec    .         Harm     .   (no cloak)
rCorr    .         Rampage  .   (no gloves)
MR       .....                  (boots unavailable)
Stlth    ++........             (no amulet)
HPRegen  0.06/turn              (no ring)
MPRegen  0.10/turn              (no ring)

@: lightly drained
A: beak, talons 3
a: no special abilities


You were on level 2 of the Dungeon.
You visited 1 branch of the dungeon, and saw 2 of its levels.

You collected 23 gold pieces.

Inventory:

Armour
 a - a +0 robe (worn)
Scrolls
 c - a scroll of teleportation {unknown}
 d - 2 scrolls of noise {unknown}
 g - a scroll of remove curse {unknown}
Potions
 b - a potion of brilliance {unknown}
 e - a potion of degeneration {unknown}
 f - a potion of stabbing {unknown}


   Skills:
 + Level 0.2(0.1) Fighting
 - Level 2.1(2.0) Dodging
 - Level 2.0(1.8) Stealth
 * Level 0.6(0.5) Unarmed Combat
 + Level 2.4(2.2) Spellcasting
 - Level 1.2(1.1) Transmutations
 + Level 3.3(3.2) Poison Magic


You had 3 spell levels left.
You knew the following spells:

 Your Spells              Type           Power        Failure   Level
a - Sting                 Tmut/Pois      #...         9%          1
x - Poisonous Vapours     Pois/Air       #.....       17%         2

Your spell library contained the following spells:

 Spells                   Type           Power        Failure   Level
 Ignite Poison            Fire/Tmut/Pois #.......     34%         3
 Mephitic Cloud           Conj/Pois/Air  #.......     38%         3
 Olgreb's Toxic Radiance  Pois           ##......     50%         4


Dungeon Overview and Level Annotations

Branches:
Dungeon (2/15)

Altars:


Innate Abilities, Weirdness & Mutations

You have a beak for a mouth.
You have claws for feet.


Message History

3 gnolls come into view.
A gnoll is wielding a +3 flail of draining.
The gnoll shouts! x2
Aim: a gnoll, wielding a +3 flail of draining The sting hits the gnoll.
The gnoll is poisoned.
The gnoll looks more healthy.
Aim: a gnoll, wielding a +3 flail of draining (severely wounded)
You miscast Sting.
You are very lightly contaminated with residual magic.
Nothing appears to happen.
Aim: a gnoll, wielding a +3 flail of draining (severely wounded)
The sting hits the gnoll but does no damage.
The gnoll is poisoned.
There is a stone staircase leading up here.
The gnoll hits you with a +3 flail of draining.
You feel drained.
You climb upwards.
There is a stone staircase leading down here.
Your magical contamination has completely faded away.
You kill the gnoll!
You have reached level 3!
Your experience leads to an increase in your attributes!
Increase (S)trength, (I)ntelligence, or (D)exterity?
You feel agile.
Things that are here:
a +3 flail of draining; a gnoll corpse
Things that are here:
a +3 flail of draining; a gnoll corpse
There is a stone staircase leading down here.
Things that are here:
a +3 flail of draining; a gnoll corpse
There is a stone staircase leading down here.
You climb downwards.
There is a stone staircase leading up here.
A gnoll is nearby!
Aim: a gnoll, wielding a +0 spear The sting hits the gnoll.
The gnoll is poisoned.
Aim: a gnoll, wielding a +0 spear (moderately wounded, poisoned)
The sting misses the gnoll.
The gnoll hits you from afar with a +0 spear!
* * * LOW HITPOINT WARNING * * *
The gnoll hits you from afar with a +0 spear.
* * * LOW HITPOINT WARNING * * *
Aim: a gnoll, wielding a +0 spear (moderately wounded, poisoned)
Okay, then.
Aim: a gnoll, wielding a +0 spear (moderately wounded, poisoned) Poisonous vapours surround the gnoll!
The gnoll is engulfed in poison gas.
The gnoll looks even sicker.
The gnoll hits you from afar with a +0 spear.
You die...

#.# ...
#.########.#
#.#......#.#
#.#.####.#.#
#g#......#.#
#g#......#.#
#g#.g....#@#
#.#.##.#.#..#<#<#
#...........#.#g#
#...........#.#g#
#....<......#.#.#
#.#+##.#.#......#
# #.#.##.###..
#.#........#
#.### .#....


You could see 2 gnolls.

Vanquished Creatures
  A gnoll (D:1)
  A leopard gecko (D:1)
  A giant cockroach (D:1)
  2 goblins (D:1)
  2 hobgoblins (D:1)
  3 jackals (D:1)
  A ball python (D:1)
  A frilled lizard (D:1)
  A kobold (D:1)
  A rat (D:1)
14 creatures vanquished.

Notes
Turn   | Place    | Note
-------+----------+-------------------------------------------
     0 | D:1      | Apogee the Tengu Venom Mage began the quest for the Orb.
     0 | D:1      | Reached XP level 1. HP: 10/10 MP: 4/4
    63 | D:1      | Reached skill level 1 in Transmutations
   173 | D:1      | Reached XP level 2. HP: 15/15 MP: 3/6
   242 | D:1      | Learned a level 2 spell: Poisonous Vapours
   875 | D:1      | Reached XP level 3. HP: 13/19 MP: 4/7
   917 | D:2      | Slain by a gnoll

Illustrated notes

Levels and vault maps discovered:
D:1:      sevenhm_arrival_forest_fort_small_3, layout_basic
D:2:      layout_basic, nicolae_qazlal_general_emergency

Skill      XL: |  1 |
---------------+----+-----
Transmutations | 1 |  1.2
Fighting       | |  0.2
Dodging        | |  2.1
Stealth        | |  2.0
Unarmed Combat | |  0.6
Spellcasting   | |  2.4
Poison Magic   | |  3.3

Action                   || total
-------------------------++-------
Melee: Unarmed           ||     5
       Peck              ||     1
       Kick              ||     2
 Cast: Sting             ||    19
       Poisonous Vapours ||     3
Armor: Robe              ||     2
Dodge: Dodged            ||     2

Table legend: (Time is in decaauts)
 A = Elapsed time spent in this place.
 B = Non-inter-level travel time spent in this place.
 C = Inter-level travel time spent in this place.
 D = Time resting spent in this place.
 E = Time spent auto-exploring this place.
 F = Levels seen in this place.
 G = Mean time per level.
                   A        B        C        D        E       F      G
               +--------+--------+--------+--------+--------+-----+--------+
         Total |    917 |    863 |     54 |      0 |    740 |   2 |  458.5 |
       Dungeon |    917 |    863 |     54 |      0 |    740 |   2 |  458.5 |
               +--------+--------+--------+--------+--------+-----+--------+

Top non-repeatable levels by time:
     D:1: 887 daAuts
     D:2: 30 daAuts
